Map: Proxima Station LE

Players

Beastyqt

  • Race: Terran Terran
  • League: Master
  • Spawn Location: 7:00

llllllllllll - Winner!

  • Race: Terran Terran
  • League: Master
  • Spawn Location: 1:00

VOD

Have the link to the VOD?

Description

Time

  • Played on: Jan. 30, 2017, 4:45 p.m.
  • Length: 13:46
Show
View Real Time Build Order
Export as new Build Order

Beastyqt Terran 

Build Orders: 1/1/1, Cyclone Opening, Mech 

Get SALT Encoding   

  12  0:01  SCV  
  13  0:13  SCV  
  14  0:18  Supply Depot  
  14  0:25  SCV  
  15  0:29  Refinery  
  15  0:39  SCV  
  16  0:45  Barracks  
  16  0:51  SCV  
  16  0:56  Refinery  
  17  1:03  SCV  
  18  1:18  SCV  
  19  1:32  Orbital Command  
  19  1:33  Reaper  
  19  1:37  Factory  
  20  1:54  Supply Depot  
  20  1:59  SCV  
  21  2:05  Reaper  
  22  2:11  SCV  
  23  2:20  Cyclone  
  26  2:23  SCV  
  26  2:29  Starport  
  27  2:37  SCV  
  28  2:38  Barracks Tech Lab  
  28  2:39  Supply Depot  
  28  2:49  SCV  
  29  2:54  Widow Mine  
  31  3:01  SCV  
  32  3:13  SCV, Raven  
  32  3:19  Command Center  
  35  3:25  SCV, Barracks Reactor  
  36  3:31  Supply Depot  
  36  3:37  SCV  
  37  3:53  SCV  
  38  3:58  Command Center  
  38  4:09  SCV  
  39  4:13  Raven  
  39  4:21  Hellion x2  
  39  4:23  SCV  
  44  4:29  Barracks Reactor  
  44  4:32  Orbital Command  
  44  4:36  SCV  
  45  4:44  Hellion  
  47  4:50  SCV  
  46  4:56  Hellion, Banshee  
  46  4:58  SCV  
  52  5:02  SCV  
  52  5:06  Supply Depot  
  53  5:11  SCV  
  51  5:15  Marine  
  49  5:24  SCV  
  47  5:36  SCV  
  47  5:39  Orbital Command  
  44  5:46  Hellion x2  
  46  5:51  SCV  
  46  5:54  SCV  
  46  5:56  Viking  
  50  6:03  SCV, Viking  
  50  6:08  SCV  
  50  6:09  Factory x2  
  51  6:15  SCV, Hellion x2  
  51  6:17  SCV  
  57  6:20  SCV  
  58  6:27  SCV, Viking  
  58  6:30  SCV  
  59  6:33  SCV  
  59  6:37  Refinery  
  59  6:39  SCV, Refinery  
  55  6:43  Hellion  
  55  6:44  Hellion  
  56  6:50  SCV  
  56  6:51  SCV  
  58  6:55  SCV  
  58  6:57  Supply Depot  
  58  6:58  Supply Depot  
  56  7:02  SCV  
  56  7:03  SCV  
  56  7:07  SCV  
  51  7:09  Siege Tank  
  51  7:10  Factory Tech Lab  
  51  7:14  SCV  
  51  7:15  SCV, Hellion x2  
  56  7:17  Medivac  
  56  7:21  SCV  
  56  7:33  SCV  
  56  7:37  Siege Tank, SCV, Hellion x2  
  61  7:39  SCV  
  64  7:45  SCV  
  64  7:48  Viking  
  64  7:49  SCV  
  64  7:51  SCV  
  64  7:52  Hellion  
  64  7:58  SCV, Hellion  
  65  8:09  Hellion  
  65  8:10  SCV  
  64  8:20  Siege Tank  
  64  8:21  Hellion  
  64  8:24  SCV  
  70  8:31  Hellion  
  70  8:32  SCV  
  74  8:37  Armory  
  73  8:44  Orbital Command  
  73  8:46  SCV  
  74  8:49  Viking  
  74  8:52  Supply Depot  
  74  8:53  SCV  
  77  9:07  SCV x2  
  77  9:08  Supply Depot  
  77  9:09  Viking  
  77  9:14  SCV, Siege Tank x2  
  84  9:18  Hellion  
  84  9:19  SCV x2, Supply Depot x2  
  84  9:26  SCV  
  84  9:31  SCV  
  86  9:32  SCV  
  86  9:37  Supply Depot  
  86  9:38  SCV, Engineering Bay  
  88  9:39  Terran Vehicle Weapons Level 1, Supply Depot  
  88  9:41  Viking  
  88  9:43  SCV  
  88  9:44  SCV  
  92  9:46  Viking  
  92  9:50  SCV  
  86  9:55  SCV  
  86  9:56  SCV  
  86  9:57  Siege Tank  
  86  9:58  Hellion  
  85  10:02  SCV  
  84  10:07  SCV  
  84  10:09  SCV  
  72  10:14  SCV  
  72  10:19  Siege Tank  
  72  10:20  Hellion  
  72  10:21  SCV  
  71  10:25  SCV  
  71  10:28  SCV  
  67  10:30  Siege Tank, Refinery  
  67  10:31  Hellion  
  67  10:32  Refinery  
  67  10:33  SCV  
  72  10:38  Supply Depot  
  72  10:39  SCV  
  73  10:47  Hellion  
  73  10:49  SCV  
  69  10:51  SCV  
  69  10:56  SCV  
  71  10:58  Refinery  
  71  11:01  SCV  
  71  11:03  SCV  
  67  11:06  Viking  
  69  11:11  SCV  
  69  11:15  Refinery  
  69  11:17  SCV, Supply Depot  
  69  11:18  SCV  
  72  11:24  SCV  
  73  11:32  SCV  
  74  11:36  SCV x2  
  74  11:38  Viking x2  
  80  11:42  Siege Tank, Hellion x2  
  80  11:44  SCV  
  88  11:48  SCV x2  
  90  11:56  SCV  
  90  11:58  Hellion  
  90  12:00  SCV  
  94  12:03  SCV  
  89  12:08  SCV, Hellion  
  89  12:12  SCV  
  89  12:14  Siege Tank  
  94  12:16  SCV  
  94  12:20  SCV  
  89  12:24  SCV  
  89  12:25  Siege Tank, Hellion  
  84  12:30  Hellion  
  84  12:33  SCV, Orbital Command  
  84  12:36  SCV  
  79  12:40  Viking x2  
  75  12:45  SCV  
  75  12:46  Siege Tank  
  75  12:47  Hellion  
  75  12:48  SCV  
  64  12:57  SCV  
  65  13:00  SCV  
  65  13:01  SCV  
  67  13:09  SCV  
  67  13:12  Siege Tank  
  71  13:13  SCV  
  71  13:14  SCV  
  72  13:21  SCV  
  72  13:25  SCV  
  72  13:26  SCV  
  75  13:33  SCV  
Show
View Real Time Build Order
Export as new Build Order

llllllllllll Terran - Winner!

Build Orders: Reaper Expand 

Get SALT Encoding   

  12  0:03  SCV  
  13  0:15  SCV  
  13  0:20  Supply Depot  
  14  0:27  SCV  
  15  0:29  Refinery  
  15  0:42  SCV  
  16  0:45  Barracks  
  16  0:54  SCV  
  17  1:06  SCV  
  18  1:18  SCV  
  19  1:32  Reaper, Orbital Command  
  20  1:46  Command Center  
  20  1:58  SCV  
  20  2:00  Factory  
  21  2:06  Barracks Reactor  
  21  2:10  SCV  
  22  2:17  Supply Depot  
  22  2:18  Refinery  
  22  2:22  SCV  
  23  2:39  SCV  
  24  2:45  Starport  
  24  2:50  Hellion x2  
  29  2:51  SCV  
  29  3:02  Orbital Command  
  29  3:03  SCV  
  30  3:12  Hellion x2  
  34  3:17  Barracks Tech Lab  
  34  3:19  SCV  
  35  3:27  SCV  
  35  3:30  Supply Depot  
  35  3:31  SCV  
  35  3:33  Cyclone  
  40  3:38  Cyclone  
  43  3:42  SCV  
  44  3:50  Supply Depot  
  44  3:52  SCV  
  45  3:57  SCV  
  46  4:03  Raven  
  46  4:11  SCV x2, Hellion x2  
  46  4:12  Engineering Bay  
  46  4:13  Supply Depot  
  52  4:23  SCV x2  
  52  4:29  Factory  
  52  4:30  Refinery  
  52  4:34  Hellion  
  52  4:35  SCV x2, Hellion  
  56  4:47  SCV  
  56  4:49  SCV  
  58  4:56  Hellion  
  58  4:57  Hellion  
  62  5:10  SCV x2, Supply Depot  
  62  5:11  Raven  
  55  5:22  SCV x2  
  55  5:23  Hellion x2  
  55  5:26  Hellion  
  60  5:34  SCV x2  
  55  5:44  Barracks Reactor  
  55  5:45  Engineering Bay  
  55  5:46  SCV, Supply Depot  
  55  5:47  Refinery  
  55  5:49  Missile Turret  
  56  5:54  Raven  
  58  5:58  Hellion  
  58  5:59  Hellion  
  62  6:05  Missile Turret  
  57  6:16  Missile Turret, SCV  
  57  6:22  Cyclone  
  57  6:32  SCV  
  57  6:36  SCV  
  54  6:45  SCV  
  55  6:48  SCV  
  55  6:49  Raven  
  58  6:56  Hellion  
  58  6:57  SCV  
  58  7:00  SCV  
  62  7:02  Hellion  
  62  7:05  Hellion  
  66  7:11  SCV  
  67  7:20  SCV  
  67  7:22  Hellion  
  68  7:27  Cyclone  
  67  7:32  Raven  
  67  7:33  Cyclone  
  70  7:45  Hellion  
  68  7:52  Cyclone  
  69  7:59  Cyclone  
  72  8:08  Cyclone  
  72  8:10  Cyclone  
  68  8:30  Command Center  
  66  8:37  Cyclone x2  
  72  8:46  Supply Depot  
  72  8:47  Raven  
  72  8:48  Missile Turret, SCV x2  
  78  8:56  Cyclone  
  78  9:00  SCV x2  
  78  9:02  Supply Depot  
  81  9:12  SCV x2  
  86  9:17  Cyclone  
  86  9:25  SCV x2  
  86  9:30  Raven  
  90  9:32  Cyclone  
  90  9:37  SCV x2, Refinery  
  95  9:38  Refinery  
  95  9:39  Cyclone  
  95  9:42  Supply Depot  
  95  9:44  Orbital Command  
  98  9:45  Supply Depot  
  98  9:49  SCV x2  
  98  10:01  SCV x2  
  98  10:04  Cyclone  
  98  10:05  Cyclone x2  
  107  10:13  SCV  
  107  10:14  SCV  
  104  10:17  SCV  
  101  10:24  Raven  
  101  10:25  SCV  
  101  10:27  SCV  
  105  10:29  Cyclone  
  105  10:30  SCV  
  106  10:37  Cyclone, Supply Depot  
  106  10:38  SCV, Supply Depot  
  106  10:39  SCV  
  106  10:42  SCV  
  110  10:43  Cyclone  
  113  10:50  SCV  
  113  10:51  SCV  
  113  10:54  SCV  
  113  10:56  Factory  
  114  11:00  Cyclone  
  114  11:02  SCV  
  114  11:04  SCV  
  116  11:06  SCV  
  116  11:07  Cyclone  
  116  11:09  Missile Turret  
  120  11:21  Raven  
  122  11:30  Armory  
  122  11:34  Command Center, Refinery  
  122  11:37  Refinery  
  122  11:38  Missile Turret  
  122  11:40  Marine  
  123  11:47  Cyclone  
  123  11:52  Cyclone  
  129  11:58  Cyclone  
  132  12:03  Cyclone  
  132  12:04  Raven  
  136  12:21  Cyclone  
  136  12:22  Cyclone  
  140  12:24  Cyclone  
  123  12:30  Cyclone  
  123  12:35  Cyclone  
  120  12:50  SCV  
  106  12:54  Cyclone x2  
  106  12:58  Raven, Barracks  
  105  13:00  Cyclone  
  108  13:05  Cyclone  
  109  13:25  Command Center x2  
  112  13:32  Supply Depot  
  112  13:33  Supply Depot  
Tags
 
Add a new tag
Caveats
  • Supply blocks, unpowered buildings, or Contaminate may cause inaccurate times.
  • Supply counts are checked every 10 seconds.